 Dungeon Crawl Stone Soup version 0.23.2-1-ga50397a6bc (webtiles) character file.

Game seed: 852333207372923236

978 Mrkan the Ruffian (level 7, -1/63 HPs)
             Began as a Troll Monk on May 18, 2019.
             Was a Priest of Hepliaklqana.
             Slain by a killer bee (6 damage)
             ... on level 6 of the Dungeon.
             The game lasted 00:09:09 (4046 turns).

Mrkan the Ruffian (Troll Monk)                      Turns: 4046, Time: 00:09:11

Health: -1/63      AC:  6    Str: 22    XL:     7   Next: 95%
Magic:  8/8        EV: 10    Int:  6    God:    Hepliaklqana [***...]
Gold:   332        SH:  0    Dex: 12    Spells: 6/6 levels left

rFire    . . .     SeeInvis .     - Unarmed
rCold    . . .     Gourm    +   (no shield)
rNeg     . . .     Faith    .   a - +0 robe
rPois    .         Spirit   .   (helmet restricted)
rElec    .         Reflect  .   (no cloak)
rCorr    .         Harm     .   (gloves unavailable)
MR       .....                  (boots unavailable)
Stlth    ++........             (no amulet)
HPRegen  0.60/turn              (no ring)
MPRegen  0.11/turn              (no ring)

@: lethally poisoned (-1 -> -8), flying
A: large, unfitting armour, reduced essence, claws 3, fast metabolism 3,
gourmand, regeneration 1, shaggy fur 1, tough skin 3
a: Recall Ancestor, Ancestor Identity, Transference, Renounce Religion


You were on level 6 of the Dungeon.
You worshipped Hepliaklqana.
Hepliaklqana was most pleased with you.
You were hungry.

You visited 1 branch of the dungeon, and saw 6 of its levels.

You collected 332 gold pieces.

Inventory:

Armour
 a - a +0 robe (worn)
 d - a cursed +0 robe
Wands
 s - a wand of disintegration (17)
Scrolls
 e - a scroll of teleportation {unknown}
 f - 7 scrolls of identify {unknown}
 h - 8 scrolls of remove curse {unknown}
 i - 3 scrolls of immolation {unknown}
 l - 4 scrolls of fear {unknown}
 m - a scroll of magic mapping {unknown}
 n - 2 scrolls of enchant armour {unknown}
 q - a scroll of fog {unknown}
Potions
 c - 2 potions of flight
 g - 3 potions of heal wounds
 j - 2 potions of haste {unknown}
 k - a potion of agility {unknown}
 o - 3 potions of degeneration {unknown}
 p - a potion of magic {unknown}
 r - a potion of brilliance {unknown}
 t - a potion of might {unknown}
Comestibles
 b - 9 rations


   Skills:
 + Level 4.6 Fighting
 - Level 2.4 Dodging
 - Level 1.0 Stealth
 * Level 7.5 Unarmed Combat
 + Level 3.1 Invocations


You had 6 spell levels left.
You didn't know any spells.
Your spell library contained the following spells:

 Spells                   Type           Power        Failure   Level  Hunger
 Confusing Touch          Hex            #.....       45%         1    ##.....
 Confuse                  Hex            #.......     83%         3    ####...
 Gell's Gravitas          Tloc           #.........   83%         3    ####...
 Petrify                  Tmut/Erth      #.......     99%         4    #####..
 Metabolic Englaciation   Hex/Ice        #.........   100%        5    ######.
 Yara's Violent Unravell  Hex/Tmut       #.........   100%        5    ######.


Dungeon Overview and Level Annotations

Branches:
Dungeon (6/15)             Temple (0/1) D:4

Altars:
Cheibriados
Fedhas
Gozag
Hepliaklqana
Makhleb
Uskayaw
Vehumet
Xom
Yredelemnul

Shops:
D:6 !

Annotations:
D:3 exclusion: oklob plant


Innate Abilities, Weirdness & Mutations

You are too large for most types of armour.
You have claws for hands.
Your metabolism is lightning-fast.
You like to eat raw meat.
Your natural rate of healing is unusually fast.
You are covered in fur. (AC +1)
You have extremely tough skin. (AC +3)
Your life essence is reduced to manifest your ancestor. (-10% HP)


Message History

* * * LOW HITPOINT WARNING * * *
The killer bee barely misses you. The killer bee stings you.
* * * LOW HITPOINT WARNING * * *
Servius misses the killer bee.
The killer bee stings you but does no damage.
* * * LOW HITPOINT WARNING * * *
You feel sick.
The killer bee stings Servius.
The killer bee barely misses you.
Servius completely misses the killer bee.
The killer bee stings Servius.
Things that are here:
a +0 trident; a +0 ring mail; an orc corpse
* * * LOW HITPOINT WARNING * * *
You feel sick. The killer bee barely misses you.
Servius misses the killer bee.
You claw the killer bee!
The killer bee is almost dead.
* * * LOW HITPOINT WARNING * * *
You feel sick. The killer bee stings you.
* * * LOW HITPOINT WARNING * * *
The killer bee stings you.
You die...

..............##...
..#####.#..#.....#
.(####....##....##
.)......#....####
..#..([......#
..........####.
.##............
#####∩####.#.
#######@....$..
.......yy##....
.######.R...#..
#†.#### #..# ...#
..## #.$# ....


You could see the friendly Servius the battlemage and 2 killer bees.

Vanquished Creatures
  Duvessa (D:4)
  2 ogres
  Dowan (D:4)
  A killer bee (D:6)
  An orc priest (D:4)
  A centaur skeleton (D:5)
  An orc wizard (D:4)
  Natasha (twice) (D:4)
  3 worker ants
  5 adders
  An ooze (D:2)
  An adder skeleton (D:4)
  2 worms
  2 dart slugs (D:2)
  A leopard gecko (D:4)
  9 orcs
  2 ball pythons
  6 bats
  4 giant cockroaches
  4 goblins (D:1)
  5 hobgoblins
  5 jackals
  2 quokkas
  7 frilled lizards
  A giant cockroach zombie (D:5)
  8 kobolds
  6 rats
84 creatures vanquished.

Vanquished Creatures (collateral kills)
  2 killer bees (D:6)
  An orc priest (D:4)
  A centaur skeleton (D:6)
  Natasha (D:4)
  An orc wizard (D:5)
  A worker ant (D:6)
  2 adders (D:4)
  An ooze (D:4)
  2 leopard geckos (D:5)
  2 orcs (D:5)
  A giant cockroach (D:3)
  2 jackals (D:3)
  A quokka (D:5)
  A fungus (D:3)
19 creatures vanquished.

Grand Total: 103 creatures vanquished

Notes
Turn   | Place    | Note
-------+----------+-------------------------------------------
     0 | D:1      | Mrkan the Troll Monk began the quest for the Orb.
     0 | D:1      | Reached XP level 1. HP: 22/22 MP: 0/0
   122 | D:1      | Reached XP level 2. HP: 28/29 MP: 1/1
   909 | D:2      | Reached XP level 3. HP: 36/36 MP: 2/2
   968 | D:2      | Noticed an ogre
   974 | D:2      | Killed an ogre
   974 | D:2      | Reached skill level 4 in Unarmed Combat
   974 | D:2      | Reached XP level 4. HP: 7/45 MP: 3/3
  1189 | D:2      | Reached skill level 5 in Unarmed Combat
  1212 | D:2      | Reached XP level 5. HP: 51/53 MP: 4/4
  1489 | D:2      | Found a hide-covered altar of Uskayaw.
  1489 | D:2      | Found a radiant altar of Vehumet.
  1490 | D:2      | Found an opulent altar of Gozag.
  1535 | D:2      | Found a hazy altar of Hepliaklqana.
  1999 | D:2      | Became a worshipper of Hepliaklqana the Forgotten
  1999 | D:2      | Reached * piety under Hepliaklqana
  1999 | D:2      | Reached ** piety under Hepliaklqana
  2000 | D:2      | Remembered your ancestor Servius as a battlemage
  2161 | D:3      | Found a blossoming altar of Fedhas.
  2174 | D:3      | Noticed an oklob plant
  2826 | D:4      | Noticed Natasha
  2830 | D:4      | Killed Natasha
  2925 | D:4      | Noticed Natasha
  2932 | D:4      | Reached skill level 1 in Invocations
  2944 | D:4      | Killed Natasha
  2944 | D:4      | Reached XP level 6. HP: 29/55 MP: 5/5
  2950 | D:4      | Found a staircase to the Ecumenical Temple.
  3065 | D:4      | Noticed Natasha
  3075 | D:4      | Killed Natasha
  3075 | D:4      | Reached skill level 6 in Unarmed Combat
  3243 | D:4      | Noticed Duvessa
  3254 | D:4      | Killed Duvessa
  3257 | D:4      | Noticed Dowan
  3278 | D:4      | Reached *** piety under Hepliaklqana
  3393 | D:4      | Reached XP level 7. HP: 63/63 MP: 7/7
  3402 | D:4      | Killed Dowan
  3608 | D:5      | Entered Level 5 of the Dungeon
  3747 | D:5      | Found a basalt altar of Yredelemnul.
  3747 | D:5      | Found a burning altar of Makhleb.
  3754 | D:5      | Found a shimmering altar of Xom.
  3756 | D:5      | Found a faded altar of an unknown god.
  3758 | D:5      | Found a snail-covered altar of Cheibriados.
  3867 | D:5      | Reached skill level 7 in Unarmed Combat
  4010 | D:6      | Found Padghumm's Distillery.
  4046 | D:6      | Slain by a killer bee

Skill      XL: |  1  2  3  4  5  6  7 |
---------------+----------------------+-----
Fighting       | 3 4 |  4.6
Unarmed Combat | 4 5 6 7 |  7.5
Invocations    | 1 2 3 |  3.1
Dodging        | |  2.4
Stealth        | |  1.0

Action                   |  1- 3 |  4- 6 |  7- 9 || total
-------------------------+-------+-------+-------++-------
Melee: Unarmed           |    90 |   109 |    45 ||   244
       Punch             |     1 |     2 |     2 ||     5
Invok: Ancestor Life: Ba |       |     1 |       ||     1
       Ancestor Identity |       |     1 |       ||     1
  Use: Potion            |       |       |     2 ||     2
 Stab: Sleeping          |     3 |     4 |       ||     7
  Eat: Chunk             |     8 |    12 |     3 ||    23
       Ration            |       |     3 |       ||     3
Armor: Robe              |    29 |    33 |    11 ||    73
Dodge: Dodged            |    42 |    49 |    28 ||   119
